 Dungeon Crawl Stone Soup version 0.27.0-1-g7a08968 (webtiles) character file.

Game seed: 13832221016634511796

355 Orban the Cudgeller (level 6, -3/48 HPs)
             Began as a Demonspawn Berserker on Aug 31, 2022.
             Was a Believer of Trog.
             Frozen to death by an endoplasm (5 damage)
             ... on level 3 of the Dungeon.
             The game lasted 00:08:41 (3136 turns).

Orban the Cudgeller (Demonspawn Berserker)          Turns: 3136, Time: 00:08:42

Health: -3/48      AC:  6    Str: 19    XL:     6   Next: 36%
Magic:  6/6        EV: 12    Int:  8    God:    Trog [**....]
Gold:   109        SH:  0    Dex: 13    Spells: 5/5 levels left

rFire    + . .     SeeInvis .   m - +0 scythe
rCold    . . .     Faith    .   (shield currently unavailable)
rNeg     . . .     Spirit   .   p - +0 scale mail {rF+}
rPois    .         Reflect  .   (no helmet)
rElec    .         Harm     .   (no cloak)
rCorr    .         Rampage  .   (no gloves)
Will     .....                  (no boots)
Stlth    ..........             (no amulet)
HPRegen  0.16/turn              (no ring)
MPRegen  0.10/turn              (no ring)

@: on berserk cooldown, slowed, very slow
A: repulsion field 1, foul stench 1, demonic magic 1
a: Renounce Religion, Berserk, Trog's Hand


You were on level 3 of the Dungeon.
You worshipped Trog.
Trog was pleased with you.
You visited 1 branch of the dungeon, and saw 3 of its levels.

You collected 131 gold pieces.
You spent 22 gold pieces at shops.

Inventory:

Hand Weapons
 a - a +0 mace
 m - a +0 scythe (weapon)
Missiles
 j - 22 sling bullets
 k - 5 large rocks
Armour
 b - a +0 animal skin
 c - a +0 leather armour
 g - a +0 ring mail
 p - a +0 scale mail of fire resistance (worn)
Jewellery
 i - a ring of wizardry
Scrolls
 d - a scroll of enchant armour {unknown}
 l - a scroll of teleportation {unknown}
 o - a scroll of blinking {unknown}
Potions
 e - a potion of brilliance
 f - a potion of might {unknown}
 h - a potion of haste {unknown}
 n - a potion of flight {unknown}


   Skills:
 + Level 4.1 Fighting
 + Level 4.5 Maces & Flails
 + Level 1.5 Polearms
 + Level 3.2 Armour
 + Level 2.5 Dodging
 + Level 0.2 Stealth


You had 5 spell levels left.
You didn't know any spells.
Your spell library was empty.

Dungeon Overview and Level Annotations

Branches:
Dungeon (3/15)

Altars:

Shops:
D:1 *


Innate Abilities, Weirdness & Mutations

You are surrounded by a mild repulsion field. (EV +2)
You may rarely emit foul miasma when damaged in melee.
Spells you cast may paralyse adjacent enemies.


Message History

You barely miss the ogre.
The ogre is heavily wounded.
The ogre barely misses you.
You barely miss the ogre.
The ogre is heavily wounded.
The ogre hits you with a +0 giant club!!
You are too injured to fight recklessly!
You slash the ogre!
The ogre is almost dead.
The endoplasm jiggles.
The ogre hits you with a +0 giant club.
You closely miss the ogre.
The ogre is almost dead.
The ogre barely misses you.
You barely miss the ogre.
The ogre is almost dead.
The ogre hits you with a +0 giant club!!
* * * LOW HITPOINT WARNING * * *
You hit the ogre.
You kill the ogre!
Trog accepts your kill.
You are no longer berserk.
You are exhausted.
You feel yourself slow down.
The endoplasm hits you but does no damage.
Your Armour skill increases to level 3!
You barely miss the endoplasm. The endoplasm misses you.
The endoplasm freezes you.
You are frozen.
* * * LOW HITPOINT WARNING * * *
The endoplasm hits you but does no damage.
You barely miss the endoplasm. The endoplasm freezes you.
You are frozen.
* * * LOW HITPOINT WARNING * * *
The endoplasm hits you but does no damage.
You barely miss the endoplasm. The endoplasm freezes you.
You are frozen.
You die...

###...# ##'####.#
#....##.#
.##...### #.# #.#
######'####.#
.##.....# #.# #.#
#....#.†..#.#
.##.....# #.# #.#
#.# ####.#†#
.##.....# #.# #.#
#.# #.#.#
.##.....# #.# #.#
#.# #J#.#
........# #.# #.#
#.# #.#.#
.####..## #.# #.#
#.# #.#.# ## ##.#
#@# #.# #.#.# #.#
#J# #.#######.#.#
#.## #.#
#.........#J# #..#
#. #.#
###########.#
##.###.#
#.##############.#
#####..##.#
#....J...........#
#......##.#
##################
#......##.#
#......##.##


You could see an endoplasm.

Vanquished Creatures
  Sigmund (D:2)
  An ogre (D:3)
  A hound (D:3)
  An orc wizard (D:3)
  An adder (D:2)
  A worm (D:2)
  2 dart slugs
  2 orcs (D:3)
  3 ball pythons
  6 bats
  4 giant cockroaches
  6 hobgoblins
  4 jackals (D:2)
  5 kobolds
  A quokka (D:1)
  4 frilled lizards
  4 rats
47 creatures vanquished.

Vanquished Creatures (others)
  A plant (D:1)
1 creature vanquished.

Grand Total: 48 creatures vanquished

Notes
Turn   | Place    | Note
-------+----------+-------------------------------------------
     0 | D:1      | Orban the Demonspawn Berserker began the quest for the Orb.
     0 | D:1      | Reached XP level 1. HP: 18/18 MP: 1/1
   516 | D:1      | Gained mutation: You may rarely emit foul miasma when
                  | damaged in melee. [demonic ancestry]
   516 | D:1      | Reached XP level 2. HP: 22/24 MP: 2/2
   615 | D:1      | Found Ynichy's Assorted Antiques.
   628 | D:1      | Bought a pink potion for 22 gold pieces
  1150 | D:2      | Reached XP level 3. HP: 4/29 MP: 3/3
  1150 | D:2      | Reached ** piety under Trog
  1572 | D:2      | Noticed Sigmund
  1580 | D:2      | Killed Sigmund
  1581 | D:2      | Gained mutation: You are surrounded by a mild repulsion
                  | field. (EV +2) [demonic ancestry]
  1581 | D:2      | Reached XP level 4. HP: 37/37 MP: 4/4
  1581 | D:2      | Reached XP level 5. HP: 42/42 MP: 5/5
  2990 | D:3      | Reached skill level 1 in Polearms
  2990 | D:3      | Gained mutation: Spells you cast may paralyse adjacent
                  | enemies. [demonic ancestry]
  2990 | D:3      | Reached XP level 6. HP: 48/48 MP: 6/6
  3135 | D:3      | HP: 2/48 [frozen (5)]
  3136 | D:3      | Frozen to death by an endoplasm

Illustrated notes

Levels and vault maps discovered:
D:1:      lightli_arrival_farm, layout_loops_ring, serial_shops,
          nicolae_shop_overgrown_old_shop
D:2:      cheibrodos_helix_gallery, layout_basic, uniq_sigmund
D:3:      layout_basic, chequers_serial_rivers_small_b

Skill      XL: |  1  2  3  4  5  6 |
---------------+-------------------+-----
Maces & Flails | 3 4 |  4.5
Dodging        | 2 |  2.5
Armour         | 2 3 |  3.2
Fighting       | 4 |  4.1
Polearms       | 1 |  1.5
Stealth        | |  0.2

Action                   |  1- 3 |  4- 6 || total
-------------------------+-------+-------++-------
Melee: Mace              |    79 |       ||    79
       Scythe            |       |   106 ||   106
Invok: Berserk           |     2 |     2 ||     4
       Trog's Hand       |       |     1 ||     1
  Use: Scroll            |     1 |       ||     1
       Potion            |     1 |       ||     1
Armor: Leather armour    |     5 |       ||     5
       Animal skin       |     1 |       ||     1
       Ring mail         |    19 |    42 ||    61
       Scale mail        |       |     5 ||     5
Dodge: Dodged            |    53 |   120 ||   173
